 Dungeon Sprint DCSS version 0.14-a0-1378-gf8e6a88 (webtiles) character file.

56920 Egon the Tortoise (level 14, -14/147 HPs)
             Began as a Minotaur Fighter on Dec 8, 2013.
             Was the Champion of Okawaru.
             Killed from afar by Xtahua (65 damage)
             ... with a blast of flame
             ... in the Dungeon (Sprint IX: "|||||||||||||||||||||||||||||").
             The game lasted 00:28:56 (5303 turns).

Egon the Tortoise (Minotaur Fighter)                Turns: 5303, Time: 00:28:58

HP -14/147       AC 29     Str 22      XL: 14   Next: 38%
MP  27/29        EV 28     Int  5 (7)  God: Okawaru [******]
Gold 1576        SH 53     Dex 24      Spells:  0 memorised, 13 levels left

rFire  . . .     SeeInvis .     a - +2 scimitar (flame)
rCold  . . .     Clarity  .     A - +0 plate armour of Qeux {Dex+5 Int+2}
rNeg   . . .     Conserve .     D - +1 large shield
rPois  +         rCorr    .     c - +1 cap of Distant Shores {Str+2 Dam+3}
rElec  .         rRot     .     J - +1 dwarf cloak
SustAb . .       Spirit   .     B - +0 pair of gloves
rMut   .         Warding  .     p - +0 pair of boots
Saprov . . .     NoTele   +     (no amulet)
                                H - ring of poison resistance
                                r - +3 ring of dexterity

@: heroism, finesse, somewhat resistant to hostile enchantments, extremely
unstealthy
A: retaliatory headbutt, horns 2
a: Heroism, Finesse, Renounce Religion


You were in the Dungeon.
You worshipped Okawaru.
Okawaru was exalted by your worship.
You were not hungry.

You visited 1 branch You collected 1900 gold pieces.
You spent 324 gold pieces at shops.

Inventory:

Hand weapons
 a - a +2,+2 scimitar of flaming (weapon)
 q - a +5,+7 great sword of freezing
 z - a +2,+2 dagger of distortion
Armour
 c - the +1 cap of Distant Shores (worn) {Str+2 Dam+3}
   (Okawaru gifted it to you in the Dungeon)

   It affects your strength (+2).
   It affects your damage-dealing abilities (+3).
 p - a +0 pair of boots (worn)
 A - the +0 plate armour of Qeux (worn) {Dex+5 Int+2}
   (Okawaru gifted it to you in the Dungeon)

   It affects your intelligence (+2).
   It affects your dexterity (+5).
 B - a +0 pair of gloves (worn)
 D - a +1 large shield (worn)
 J - a +1 dwarven cloak (worn)
 K - a +0 storm dragon armour
Magical devices
 g - a wand of paralysis (9)
 n - a wand of draining (7)
 y - a wand of digging (14)
 L - a wand of random effects (11) {unknown}
Comestibles
 d - 11 bread rations
 t - 13 meat rations
Scrolls
 j - 2 scrolls of blinking
 l - 5 scrolls of remove curse
 m - 2 scrolls of amnesia
 o - a scroll of magic mapping
 u - 2 scrolls of fear
 w - a scroll of identify
 x - 2 scrolls of enchant armour
 C - 2 scrolls of fog
Jewellery
 r - a +3 ring of dexterity (left hand)
 s - a +2 ring of protection
 E - an uncursed ring of protection from magic
 F - an uncursed ring of protection from cold
 G - an uncursed ring of protection from magic
 H - a ring of poison resistance (right hand)
Potions
 b - 2 potions of agility
 e - 2 potions of curing
 f - a potion of invisibility
 h - 4 potions of magic
 i - a potion of berserk rage
 k - 5 potions of heal wounds
 v - a potion of speed


   Skills:
 + Level 19.6(24.6) Fighting
 - Level 6.4(11.4) Short Blades
 + Level 19.0(24.0) Long Blades
 + Level 19.7(24.7) Armour
 + Level 17.3(22.3) Dodging
 + Level 19.7(24.7) Shields
 + Level 15.0 Invocations


You had 13 spell levels left.
You didn't know any spells.

Dungeon Overview and Level Annotations

Branches:
Dungeon (1/1)

Altars:
Ashenzari
Cheibriados
Elyvilon
Fedhas
Kikubaaqudgha
Makhleb
Nemelex Xobeh
Okawaru
Sif Muna
Trog
Vehumet
Xom
Yredelemnul
Zin
the Shining One

Shops:
D (!((

Annotations:
D Margery, Xtahua


Innate Abilities, Weirdness & Mutations

You reflexively headbutt those who attack you in melee.
You have a pair of horns on your head.


Message History

You hit Xtahua but do no damage. You headbutt Xtahua!
Xtahua is heavily wounded.
You barely miss Xtahua.
Xtahua is heavily wounded.
Margery casts a spell at you.
The bolt of fire hits Xtahua.
Xtahua resists.
The bolt of fire hits you! You block Xtahua's attack.
Xtahua completely misses you.
You closely miss Xtahua. You headbutt Xtahua.
Xtahua is heavily wounded.
You hit Xtahua.
Xtahua is heavily wounded.
You hit Xtahua but do no damage.
Xtahua is heavily wounded.
Margery casts a spell at you.
The bolt of fire hits Xtahua.
Xtahua resists.
The bolt of fire misses you. Xtahua breathes flames at you.
The blast of flame hits you!
One of your 3 scrolls of fog catches fire!
You die...

▓.........'.....))...
▓.▓▓▓▓▓▓▓▓▓▓▓▓▓▓▓▓▓▓▓
▓[...................
▓▓▓▓▓▓▓▓▓▓▓▓▓▓▓▓▓▓▓▓▓
▓............'.......
▓.▓▓▓▓▓▓▓▓▓▓▓▓▓▓▓▓▓▓▓
▓..................@.
▓▓▓▓▓▓▓▓▓▓▓▓▓▓▓▓▓▓▓▓▓
▓..D@.....'........)(
▓@▓▓▓▓▓▓▓▓▓▓▓▓▓▓▓▓▓▓▓
▓...@...D. ▓▓▓▓▓▓▓▓▓


You could see Margery and Xtahua.

Vanquished Creatures
  Norris (D)
  Jory (D)
  A tentacled monstrosity (D)
  Kirke (D)
  2 vault wardens (D)
  Louise (D)
  A stone giant (D)
  2 ettins (D)
  2 fire dragons (D)
  An ice dragon (D)
  3 hydras (D)
  3 yaktaur captains (D)
  Josephine (D)
  3 deep troll earth magi (D)
  A rakshasa (D)
  2 orc high priests (D)
  A naga warrior (D)
  A very ugly thing (D)
  2 centaur warriors (D)
  A deep elf knight (D)
  A sun demon (D)
  An unseen horror (D)
  A swamp dragon (D)
  2 hill giants (D)
  9 orc knights (D)
  2 necromancers (D)
  3 wolf spiders (D)
  A harpy (D)
  3 orc sorcerers (D)
  9 elephants (D)
  A spiny frog (D)
  4 guardian serpents (D)
  2 black mambas (D)
  Psyche (D)
  An elf (shapeshifter) (D)
  3 yaktaur zombies (D)
  2 demonic crawlers (D)
  A komodo dragon (D)
  2 trolls (D)
  An iron devil (D)
  A jumping spider (D)
  A hydra zombie (D)
  4 yaktaurs (D)
  2 bog bodies (D)
  A baby alligator (shapeshifter) (D)
  A blink frog (D)
  3 slime creatures (D)
  A deep troll zombie (D)
  A snapping turtle (D)
  2 boulder beetles (D)
  3 redbacks (D)
  2 trapdoor spiders (D)
  An ugly thing (D)
  A basilisk (D)
  3 wraiths (D)
  A hippogriff (D)
  4 merfolk (D)
  2 vampire mosquitoes (D)
  A manticore (D)
  2 nagas (D)
  A freezing wraith (D)
  12 orc warriors (D)
  A black bear (D)
  An ice beast (D)
  A phantom (D)
  2 orc zombies (D)
  3 crocodiles (D)
  2 big kobolds (D)
  2 water moccasins (D)
  A killer bee (D)
  A crimson imp (D)
  A goliath beetle (D)
  5 orc priests (D)
  A scorpion (D)
  An iguana (D)
  An orc wizard (D)
  A boggart (D)
  3 adders (D)
  A gnoll (D)
  A giant mite (D)
  A green rat (D)
  An adder zombie (D)
  A giant eyeball (D)
  2 giant geckos (D)
  10 orcs (D)
  2 hobgoblins (D)
  5 bats (D)
  A jackal zombie (D)
  A kobold skeleton (D)
  A kobold zombie (D)
  3 quokkas (D)
  2 rat skeletons (D)
190 creatures vanquished.

Vanquished Creatures (others)
  An unseen horror (shapeshifter) (D)
  A fire dragon zombie (D)
  A porcupine (D)
  A crocodile (D)
  An iguana (D)
  A fungus (D)
  A plant (D)
7 creatures vanquished.

Grand Total: 197 creatures vanquished

Notes
Turn   | Place    | Note
--------------------------------------------------------------
     0 | D        | Egon, the Minotaur Fighter, began the quest for the Orb.
     0 | D        | Reached XP level 1. HP: 19/19 MP: 1/1
    13 | D        | Reached skill level 4 in Fighting
    13 | D        | Reached XP level 2. HP: 20/28 MP: 1/1
    99 | D        | Noticed an ice beast
    99 | D        | Noticed a phantom
   131 | D        | Killed an ice beast
   131 | D        | Reached skill level 6 in Fighting
   131 | D        | Reached skill level 5 in Short Blades
   131 | D        | Reached XP level 3. HP: 19/38 MP: 2/2
   131 | D        | Reached XP level 4. HP: 22/45 MP: 2/2
   172 | D        | Killed a phantom
   172 | D        | Reached skill level 7 in Fighting
   172 | D        | Reached XP level 5. HP: 15/53 MP: 2/2
   398 | D        | Found an iron altar of Okawaru.
   398 | D        | Found a deep blue altar of Sif Muna.
   398 | D        | Found an iron altar of Okawaru.
   398 | D        | Found a deep blue altar of Sif Muna.
   398 | D        | Found a basalt altar of Yredelemnul.
   398 | D        | Found an ancient bone altar of Kikubaaqudgha.
   398 | D        | Found a radiant altar of Vehumet.
   399 | D        | Found a snail-covered altar of Cheibriados.
   400 | D        | Found a glowing silver altar of Zin.
   401 | D        | Became a worshipper of Warmaster Okawaru
   430 | D        | Found a shattered altar of Ashenzari.
   431 | D        | Found a bloodstained altar of Trog.
   432 | D        | Found a shimmering altar of Xom.
   433 | D        | Found a sparkling altar of Nemelex Xobeh.
   434 | D        | Found a blossoming altar of Fedhas.
   435 | D        | Found a glowing golden altar of the Shining One.
   436 | D        | Found a white marble altar of Elyvilon.
   437 | D        | Found a burning altar of Makhleb.
   487 | D        | Noticed an orc priest
   487 | D        | Noticed a wraith
   487 | D        | Noticed a crimson imp
   487 | D        | Noticed a manticore
   487 | D        | Noticed a big kobold
   490 | D        | Killed a big kobold
   490 | D        | Reached skill level 8 in Fighting
   498 | D        | Killed a manticore
   498 | D        | Reached skill level 5 in Long Blades
   498 | D        | Reached XP level 6. HP: 31/62 MP: 3/3
   508 | D        | Killed a wraith
   508 | D        | Acquired Okawaru's first power
   508 | D        | Reached skill level 9 in Fighting
   511 | D        | Killed an orc priest
   511 | D        | Reached XP level 7. HP: 17/70 MP: 3/3
   522 | D        | Killed a crimson imp
   522 | D        | Reached skill level 5 in Dodging
   545 | D        | Got the +4,+4 quarterstaff of Insufficient Pleasure {vamp, rElec}
   780 | D        | Noticed a goliath beetle
   780 | D        | Noticed a hippogriff
   780 | D        | Noticed a troll
   780 | D        | Noticed a water moccasin
   780 | D        | Noticed a troll
   780 | D        | Noticed a scorpion
   782 | D        | Killed a scorpion
   787 | D        | Killed a troll
   787 | D        | Reached skill level 10 in Fighting
   787 | D        | Reached skill level 10 in Armour
   787 | D        | Reached skill level 10 in Shields
   791 | D        | Killed a water moccasin
   799 | D        | Killed a troll
   799 | D        | Reached XP level 8. HP: 65/81 MP: 2/3
   805 | D        | Killed a hippogriff
   824 | D        | Killed a goliath beetle
   989 | D        | Noticed an iguana
   989 | D        | Noticed a crocodile
   989 | D        | Noticed a crocodile
   989 | D        | Noticed a crocodile
   989 | D        | Noticed a black bear
  1014 | D        | Killed a black bear
  1014 | D        | Reached skill level 11 in Fighting
  1014 | D        | Reached skill level 1 in Invocations
  1019 | D        | Killed a crocodile
  1022 | D        | Killed a crocodile
  1035 | D        | Killed a crocodile
  1039 | D        | Killed an iguana
  1077 | D        | Noticed an elephant
  1094 | D        | Killed an elephant
  1094 | D        | Reached XP level 9. HP: 74/89 MP: 5/9
  1155 | D        | Noticed a blink frog
  1155 | D        | Noticed a black mamba
  1155 | D        | Noticed a spiny frog
  1155 | D        | Noticed a boulder beetle
  1155 | D        | Noticed a crocodile
  1155 | D        | Noticed an iguana
  1155 | D        | Noticed a porcupine
  1157 | D        | Killed a crocodile
  1161 | D        | Killed an iguana
  1166 | D        | Killed a porcupine
  1196 | D        | Killed a spiny frog
  1196 | D        | Reached skill level 10 in Long Blades
  1207 | D        | Killed a boulder beetle
  1207 | D        | Reached skill level 12 in Fighting
  1214 | D        | Killed a blink frog
  1216 | D        | Killed a black mamba
  1216 | D        | Reached skill level 5 in Invocations
  1291 | D        | Noticed an elephant
  1291 | D        | Noticed an elephant
  1291 | D        | Noticed an elephant
  1291 | D        | Noticed an elephant
  1291 | D        | Noticed an elephant
  1291 | D        | Noticed an elephant
  1291 | D        | Noticed an elephant
  1296 | D        | Killed an elephant
  1306 | D        | Killed an elephant
  1321 | D        | Killed an elephant
  1321 | D        | Reached XP level 10. HP: 89/100 MP: 11/15
  1330 | D        | Killed an elephant
  1330 | D        | Reached skill level 13 in Fighting
  1334 | D        | Killed an elephant
  1334 | D        | Reached skill level 10 in Dodging
  1344 | D        | Killed an elephant
  1349 | D        | Killed an elephant
  1351 | D        | Noticed an elephant
  1359 | D        | Killed an elephant
  1359 | D        | Acquired Okawaru's second power
  1488 | D        | Noticed Psyche
  1509 | D        | Killed Psyche
  1692 | D        | Noticed an orc priest
  1692 | D        | Noticed an orc priest
  1692 | D        | Noticed an orc warrior
  1692 | D        | Noticed an orc warrior
  1692 | D        | Noticed an orc wizard
  1716 | D        | Killed an orc warrior
  1724 | D        | Killed an orc wizard
  1725 | D        | Killed an orc warrior
  1728 | D        | Killed an orc priest
  1730 | D        | Killed an orc priest
  1831 | D        | Noticed an orc warrior
  1833 | D        | Noticed an orc priest
  1862 | D        | Killed an orc priest
  1865 | D        | Killed an orc warrior
  1938 | D        | Noticed an orc priest
  1945 | D        | Killed an orc priest
  2031 | D        | Noticed an orc knight
  2052 | D        | Killed an orc knight
  2096 | D        | Noticed an orc warrior
  2096 | D        | Noticed an orc warrior
  2096 | D        | Noticed an orc knight
  2096 | D        | Noticed an orc warrior
  2096 | D        | Noticed an orc warrior
  2096 | D        | Noticed an orc warrior
  2096 | D        | Noticed an orc warrior
  2103 | D        | Killed an orc warrior
  2106 | D        | Killed an orc warrior
  2108 | D        | Killed an orc warrior
  2109 | D        | Noticed an orc warrior
  2110 | D        | Noticed an orc warrior
  2112 | D        | Noticed an orc warrior
  2116 | D        | Killed an orc knight
  2116 | D        | Received a gift from Okawaru
  2116 | D        | Reached skill level 14 in Armour
  2120 | D        | Killed an orc warrior
  2123 | D        | Killed an orc warrior
  2123 | D        | Reached XP level 11. HP: 102/110 MP: 18/18
  2128 | D        | Killed an orc warrior
  2135 | D        | Killed an orc warrior
  2137 | D        | Killed an orc warrior
  2140 | D        | Killed an orc warrior
  2273 | D        | Found Dufyluin's Weapon Boutique.
  2273 | D        | Noticed an orc sorcerer
  2273 | D        | Noticed an orc knight
  2273 | D        | Noticed an orc high priest
  2273 | D        | Noticed an orc knight
  2273 | D        | Noticed an orc high priest
  2278 | D        | Noticed an orc knight
  2281 | D        | Killed an orc high priest
  2287 | D        | Killed an orc knight
  2288 | D        | Found Othuyquo's Antique Weapon Shop.
  2294 | D        | Killed an orc high priest
  2311 | D        | Killed an orc knight
  2312 | D        | Found Cruent's Distillery.
  2314 | D        | Killed an orc sorcerer
  2334 | D        | Killed an orc knight
  2344 | D        | Found Erphaytaxt's Weapon Shop.
  2616 | D        | Noticed an orc knight
  2618 | D        | Noticed an orc knight
  2622 | D        | Noticed an orc sorcerer
  2632 | D        | Killed an orc knight
  2646 | D        | Killed an orc knight
  2646 | D        | Reached skill level 15 in Armour
  2646 | D        | Reached skill level 15 in Shields
  2660 | D        | Paralysed by an orc sorcerer for 4 turns
  2669 | D        | Killed an orc sorcerer
  2669 | D        | Reached skill level 15 in Fighting
  2858 | D        | Bought a runed great sword for 156 gold pieces
  2861 | D        | Bought a potion of speed for 66 gold pieces
  2861 | D        | Bought a potion of speed for 66 gold pieces
  2920 | D        | Noticed Josephine
  2932 | D        | Killed Josephine
  3104 | D        | Noticed a basilisk
  3104 | D        | Noticed a wraith
  3104 | D        | Noticed a wraith
  3104 | D        | Noticed a killer bee
  3104 | D        | Noticed a komodo dragon
  3104 | D        | Noticed a hill giant
  3110 | D        | Killed a hill giant
  3110 | D        | Reached skill level 10 in Invocations
  3116 | D        | Killed a komodo dragon
  3117 | D        | Killed a killer bee
  3118 | D        | Noticed a big kobold
  3123 | D        | Killed a wraith
  3133 | D        | Killed a wraith
  3134 | D        | Noticed a yaktaur
  3136 | D        | Noticed a slime creature
  3137 | D        | Noticed a yaktaur
  3138 | D        | Killed a basilisk
  3140 | D        | Noticed an ice dragon
  3142 | D        | Killed a big kobold
  3144 | D        | Killed a yaktaur
  3151 | D        | Killed a slime creature
  3153 | D        | Killed a yaktaur
  3156 | D        | Noticed a fire dragon
  3159 | D        | Killed an ice dragon
  3159 | D        | Reached XP level 12. HP: 120/122 MP: 23/23
  3161 | D        | Noticed a yaktaur
  3162 | D        | Noticed an ettin
  3167 | D        | Killed a fire dragon
  3175 | D        | Killed a yaktaur
  3186 | D        | Killed an ettin
  3186 | D        | Reached skill level 16 in Armour
  3258 | D        | Noticed Louise
  3323 | D        | Killed Louise
  3323 | D        | Received a gift from Okawaru
  3323 | D        | Reached skill level 15 in Long Blades
  3324 | D        | Got a pitted cap {god gift}
  3327 | D        | Identified the +1 cap "Prireud" {Str+4 Dex+1} (Okawaru gifted it to you in the Dungeon)
  3448 | D        | Noticed a merfolk
  3448 | D        | Noticed a snapping turtle
  3448 | D        | Noticed a merfolk
  3448 | D        | Noticed a merfolk
  3448 | D        | Noticed a harpy
  3454 | D        | Killed a harpy
  3455 | D        | Noticed a merfolk
  3457 | D        | Killed a merfolk
  3461 | D        | Killed a merfolk
  3473 | D        | Killed a snapping turtle
  3475 | D        | Killed a merfolk
  3480 | D        | Killed a merfolk
  3532 | D        | Noticed a bog body
  3532 | D        | Noticed a water moccasin
  3532 | D        | Noticed a slime creature
  3532 | D        | Noticed a five-headed hydra
  3532 | D        | Noticed a vampire mosquito
  3533 | D        | Killed a vampire mosquito
  3537 | D        | Killed a one-headed hydra
  3538 | D        | Noticed a bog body
  3541 | D        | Killed a slime creature
  3543 | D        | Noticed a swamp dragon
  3559 | D        | Killed a water moccasin
  3563 | D        | Killed a bog body
  3567 | D        | Killed a bog body
  3576 | D        | Killed a swamp dragon
  3659 | D        | Noticed a guardian serpent
  3659 | D        | Noticed a naga
  3659 | D        | Noticed a guardian serpent
  3659 | D        | Noticed a naga warrior
  3659 | D        | Noticed a guardian serpent
  3659 | D        | Noticed a black mamba
  3660 | D        | Noticed a naga
  3661 | D        | Noticed a guardian serpent
  3665 | D        | Killed a guardian serpent
  3671 | D        | Killed a guardian serpent
  3672 | D        | Killed a black mamba
  3675 | D        | Killed a guardian serpent
  3689 | D        | Killed a naga warrior
  3693 | D        | Killed a naga
  3698 | D        | Killed a naga
  3702 | D        | Killed a guardian serpent
  3729 | D        | Noticed a demonic crawler
  3729 | D        | Noticed a redback
  3729 | D        | Noticed a redback
  3729 | D        | Noticed a redback
  3729 | D        | Noticed a demonic crawler
  3731 | D        | Noticed a jumping spider
  3731 | D        | Noticed a trapdoor spider
  3734 | D        | Killed a trapdoor spider
  3738 | D        | Killed a demonic crawler
  3741 | D        | Killed a redback
  3743 | D        | Killed a redback
  3743 | D        | Reached skill level 17 in Armour
  3745 | D        | Killed a redback
  3753 | D        | Killed a jumping spider
  3754 | D        | Killed a demonic crawler
  3767 | D        | Noticed a trapdoor spider
  3771 | D        | Killed a trapdoor spider
  3852 | D        | Noticed Kirke
  3854 | D        | Noticed a hog
  3854 | D        | Noticed a hog
  3864 | D        | Killed Kirke
  3864 | D        | Reached XP level 13. HP: 132/132 MP: 25/25
  3874 | D        | Noticed a human
  3925 | D        | Noticed a yaktaur captain
  3925 | D        | Noticed a yaktaur
  3925 | D        | Noticed an orc sorcerer
  3925 | D        | Noticed a deep troll earth mage
  3925 | D        | Noticed a tarantella
  3925 | D        | Noticed a seven-headed hydra
  3925 | D        | Noticed a deep troll earth mage
  3928 | D        | Noticed a black mamba
  3930 | D        | Killed a deep troll earth mage
  3931 | D        | a tarantella changed into a baby alligator
  3937 | D        | Killed a two-headed hydra
  3944 | D        | Noticed a yaktaur captain
  3950 | D        | a black mamba changed into a trapdoor spider
  3959 | D        | Killed a deep troll earth mage
  3959 | D        | Received a gift from Okawaru
  3961 | D        | Killed an orc sorcerer
  3962 | D        | Noticed a tentacled monstrosity
  3967 | D        | Killed a yaktaur captain
  3967 | D        | Reached skill level 15 in Dodging
  3971 | D        | Killed a yaktaur
  3971 | D        | Paralysed by a giant eyeball for 3 turns
  3984 | D        | Killed a yaktaur captain
  3985 | D        | Noticed a fire dragon
  3995 | D        | Killed a tentacled monstrosity
  3996 | D        | Noticed a purple ugly thing
  3998 | D        | Noticed a necromancer
  3999 | D        | Noticed a deep troll earth mage
  4008 | D        | Reached skill level 18 in Armour
  4029 | D        | Killed a fire dragon
  4031 | D        | Killed a purple ugly thing
  4032 | D        | Noticed a hill giant
  4034 | D        | Noticed a stone giant
  4036 | D        | Killed a necromancer
  4042 | D        | Killed a deep troll earth mage
  4051 | D        | Killed a hill giant
  4065 | D        | Killed a stone giant
  4069 | D        | Received a gift from Okawaru
  4070 | D        | Got an encrusted cap {god gift}
  4072 | D        | Noticed an ettin
  4074 | D        | Identified the +1 cap of Distant Shores {Str+2 Dam+3} (Okawaru gifted it to you in the Dungeon)
  4081 | D        | Killed an ettin
  4096 | D        | Got a slimy plate armour {god gift}
  4119 | D        | Identified the +0 plate armour of Qeux {Dex+5 Int+2} (Okawaru gifted it to you in the Dungeon)
  4667 | D        | Bought a potion of restore abilities for 36 gold pieces
  5057 | D        | Noticed a rakshasa
  5057 | D        | Noticed a five-headed hydra
  5057 | D        | Noticed a boulder beetle
  5057 | D        | Noticed a slime creature
  5057 | D        | Noticed a purple very ugly thing
  5064 | D        | Killed a purple very ugly thing
  5067 | D        | Noticed a wolf spider
  5068 | D        | Noticed an orc knight
  5068 | D        | Killed a slime creature
  5069 | D        | Noticed a vampire mosquito
  5072 | D        | Noticed a centaur warrior
  5077 | D        | Killed a boulder beetle
  5079 | D        | Killed a three-headed hydra
  5080 | D        | Noticed a deep elf knight
  5083 | D        | Noticed an orc knight
  5085 | D        | Killed a rakshasa
  5090 | D        | Killed an unseen horror
  5095 | D        | Killed a wolf spider
  5099 | D        | Killed an orc knight
  5101 | D        | Noticed a yaktaur captain
  5101 | D        | Killed a vampire mosquito
  5104 | D        | Killed a centaur warrior
  5112 | D        | Killed a deep elf knight
  5119 | D        | Killed an orc knight
  5122 | D        | Killed a yaktaur captain
  5132 | D        | Upgraded the game from 0.14-a0-1361-g0512ea0 to 0.14-a0-1378-gf8e6a88
  5135 | D        | Noticed a vault warden
  5137 | D        | Noticed a spriggan
  5138 | D        | Noticed a centaur warrior
  5138 | D        | a spriggan changed into something unseen
  5139 | D        | Noticed a wolf spider
  5139 | D        | Noticed a freezing wraith
  5150 | D        | Killed a vault warden
  5150 | D        | Reached skill level 19 in Armour
  5150 | D        | Reached XP level 14. HP: 129/144 MP: 28/28
  5151 | D        | Noticed a vault warden
  5152 | D        | Noticed a wolf spider
  5157 | D        | Killed a centaur warrior
  5160 | D        | Killed a wolf spider
  5163 | D        | Killed a freezing wraith
  5169 | D        | Killed a vault warden
  5172 | D        | Killed a wolf spider
  5239 | D        | Noticed Jory
  5239 | D        | Noticed Norris
  5239 | D        | Noticed a necromancer
  5249 | D        | Noticed Xtahua
  5253 | D        | Killed a necromancer
  5273 | D        | Killed Jory
  5292 | D        | Killed Norris
  5292 | D        | Reached skill level 15 in Invocations
  5298 | D        | Noticed Margery
  5303 | D        | Killed from afar by Xtahua

Action                   |  1- 3 |  4- 6 |  7- 9 | 10-12 | 13-15 || total
-------------------------+-------+-------+-------+-------+-------++-------
Melee: Short sword       |    44 |    24 |       |       |       ||    68
       Scimitar          |       |    21 |   128 |   482 |   261 ||   892
Invok: Heroism           |       |       |     4 |     9 |     4 ||    17
       Finesse           |       |       |       |     2 |     2 ||     4
Evoke: Wand              |       |       |       |       |     1 ||     1
  Use: Potion            |       |     3 |       |     5 |     6 ||    14
